 Dungeon Crawl Stone Soup version 0.24-b1-30-g840c9efd86 (webtiles) character file.

Game seed: 11412574669066606439, levelgen mode: deterministic

373 lepoulpe303 the Chucker (level 6, 0/61 HPs)
             Began as a Troll Hunter on Oct 25, 2019.
             Slain by a gnoll (4 damage)
             ... on level 4 of the Dungeon.
             The game lasted 00:07:20 (4111 turns).

lepoulpe303 the Chucker (Troll Hunter)              Turns: 4111, Time: 00:07:20

Health: 0/61       AC:  6    Str: 22    XL:     6   Next: 43%
Magic:  5/5        EV: 10    Int:  7    God:
Gold:   191        SH:  0    Dex: 11    Spells: 5/5 levels left

rFire    . . .     SeeInvis .     - Unarmed
rCold    . . .     Gourm    +   (no shield)
rNeg     . . .     Faith    .   m - +0 robe (curse)
rPois    .         Spirit   .   f - +0 hat
rElec    .         Reflect  .   (no cloak)
rCorr    .         Harm     .   (gloves unavailable)
MR       .....                  (boots unavailable)
Stlth    +.........             (no amulet)
HPRegen  0.60/turn              (no ring)
MPRegen  0.09/turn              (no ring)

@: no status effects
A: large, unfitting armour, claws 3, fast metabolism 3, gourmand, regeneration
1, shaggy fur 1, tough skin 3
a: no special abilities


You were on level 4 of the Dungeon.
You were very full.

You visited 1 branch of the dungeon, and saw 4 of its levels.

You collected 191 gold pieces.

Inventory:

Missiles
 d - 2 throwing nets {=f}
 q - 3 large rocks {!d}
 Q - 82 stones (quivered)
Armour
 b - a +0 robe
 f - a +0 hat (worn)
 m - a cursed +0 robe (worn)
Jewellery
 r - an uncursed ring of fire {unknown}
 w - a cursed ring of teleportation {unknown}
Wands
 p - a wand of iceblast (7)
 x - a wand of scattershot (3)
 y - a wand of paralysis (9)
Scrolls
 a - 2 scrolls of teleportation {unknown}
 g - a scroll of noise {unknown}
 h - a scroll of remove curse {unknown}
 j - a scroll of random uselessness {unknown}
 l - a scroll of identify {unknown}
 n - a scroll of blinking {unknown}
 o - a scroll of fog {unknown}
 u - 2 scrolls of enchant armour {unknown}
 v - a scroll of enchant weapon {unknown}
Potions
 c - a potion of lignification {unknown}
 i - 4 potions of curing {unknown}
 k - a potion of magic {unknown}
 s - 2 potions of brilliance {unknown}
 t - 2 potions of mutation {unknown}
Comestibles
 e - 7 rations


   Skills:
 * Level 3.5 Fighting
 + Level 4.3 Throwing
 + Level 2.7 Dodging
 - Level 0.3 Stealth
 * Level 3.4 Unarmed Combat


You had 5 spell levels left.
You didn't know any spells.
Your spell library contained the following spells:

 Spells                   Type           Power        Failure   Level  Hunger
 Magic Dart               Conj           #...         43%         1    ##.....
 Blink                    Tloc           N/A          56%         2    ###....
 Call Imp                 Summ           #.......     56%         2    ###....
 Slow                     Hex            #.......     56%         2    ###....
 Conjure Flame            Conj/Fire      #.......     80%         3    ####...
 Mephitic Cloud           Conj/Pois/Air  #.......     80%         3    ####...


Dungeon Overview and Level Annotations

Branches:
Dungeon (4/15)
 Temple: D:4-7

Altars:
Dithmenos
Kikubaaqudgha
Sif Muna


Innate Abilities, Weirdness & Mutations

You are too large for most types of armour.
You have claws for hands.
Your metabolism is lightning-fast.
You like to eat raw meat.
Your natural rate of healing is unusually fast.
You are covered in fur. (AC +1)
You have extremely tough skin. (AC +3)


Message History

The gnoll hits you from afar with a +0 halberd!
* * * LOW HITPOINT WARNING * * *
The gnoll hits you but does no damage.
You take 9 damage, and have 20/61 hp.
You completely miss the gnoll.
The gnoll hits you from afar with a +0 halberd.
* * * LOW HITPOINT WARNING * * *
The gnoll hits you.
* * * LOW HITPOINT WARNING * * *
The gnoll misses you.
You take 8 damage, and have 12/61 hp.
You scratch the gnoll but do no damage.
The gnoll hits you from afar with a +0 halberd!
* * * LOW HITPOINT WARNING * * *
The gnoll hits you but does no damage. x2
You take 11 damage, and have 2/61 hp.
The gnoll barely misses you. The gnoll closely misses you. The gnoll hits you.
You die...

.##..#
####.#.....#
.....#
#....#..##.#
..#.##
#.####.....####
#...#
#.....#.#.....#
#####
#####.#.#.###.#
# #.#.#...#.# #
#.#[..#...# #
..#.#.##### #
#.#######@# #
#.....ggg.#
.#####..####
........#
#######.#
#g)..# #.####
#####+#'######
.............#


You could see 3 gnolls.

Levels and vault maps discovered:
D:1:      mainiacjoe_arrival_reflecting_pool, layout_loops_corners
D:2:      layout_basic, minmay_misc_feat_five, led_sif_pool
D:3:      layout_loops_corners, kiku_gazebo_pond_becter,
          nicolae_dithmenos_shadow_blocks, uniq_robin, uniq_natasha
D:4:      layout_basic, first_ration, moated_statue, serial_bayou_lagoon_a,
          hex_tiny

Notes
Turn   | Place    | Note
-------+----------+-------------------------------------------
     0 | D:1      | lepoulpe303 the Troll Hunter began the quest for the Orb.
     0 | D:1      | Reached XP level 1. HP: 19/19 MP: 0/0
    94 | D:1      | Identified a +0 dagger
   133 | D:1      | Identified a +0 dagger
   248 | D:1      | Reached XP level 2. HP: 28/28 MP: 1/1
   254 | D:1      | Identified a +0 club
   326 | D:1      | Identified a +0 dagger
   372 | D:1      | Reached skill level 2 in Fighting
   372 | D:1      | Reached skill level 1 in Unarmed Combat
   537 | D:1      | Identified a +0 club
   600 | D:1      | Identified a +0 hat (You found it on level 1 of the
                  | Dungeon)
   762 | D:1      | Identified a +0 club
   806 | D:1      | Identified a +0 club
   813 | D:1      | Reached XP level 3. HP: 35/35 MP: 2/2
  1033 | D:2      | Identified a +0 club
  1198 | D:2      | Reached skill level 2 in Dodging
  1299 | D:2      | Identified a +0 dagger
  1521 | D:2      | Identified a +0 club
  1549 | D:2      | Found a shimmering blue altar of Sif Muna.
  1861 | D:3      | Reached XP level 4. HP: 44/44 MP: 3/3
  1883 | D:3      | Identified a cursed +0 robe (You found it on level 3 of the
                  | Dungeon)
  1931 | D:3      | Identified a +0 club
  1933 | D:3      | Identified a +0 spear
  1939 | D:3      | Reached skill level 2 in Unarmed Combat
  1950 | D:3      | Reached skill level 4 in Throwing
  2003 | D:3      | Found a shadowy altar of Dithmenos.
  2063 | D:3      | Identified a +4 dagger
  2110 | D:3      | Identified a +0 dagger
  2167 | D:3      | Found an ancient bone altar of Kikubaaqudgha.
  2319 | D:3      | Identified a +1 dagger of protection
  2400 | D:3      | Noticed Natasha
  2405 | D:3      | Killed Natasha
  2405 | D:3      | Reached XP level 5. HP: 52/52 MP: 4/4
  2418 | D:3      | Identified a +0 dagger
  2418 | D:3      | Identified a +0 club
  2419 | D:3      | Identified a cursed +0 dagger
  2422 | D:3      | Identified a +0 club
  2422 | D:3      | Identified a +0 animal skin
  2422 | D:3      | Identified a +0 helmet
  2422 | D:3      | Noticed Robin
  2423 | D:3      | Identified a +0 dagger
  2425 | D:3      | Identified a +0 club
  2430 | D:3      | Identified a +0 dagger
  2430 | D:3      | Identified a +0 club
  2437 | D:3      | Identified a +0 club
  2438 | D:3      | Killed Robin
  2442 | D:3      | Reached skill level 3 in Fighting
  2740 | D:3      | Noticed Natasha
  2743 | D:3      | Killed Natasha
  3062 | D:3      | Found an ancient bone altar of Kikubaaqudgha.
  3085 | D:3      | Found a shadowy altar of Dithmenos.
  3151 | D:3      | Noticed Natasha
  3152 | D:3      | Killed Natasha
  3548 | D:4      | Reached skill level 3 in Unarmed Combat
  3569 | D:4      | Identified a +0 mace
  3569 | D:4      | Identified a +0 whip
  3569 | D:4      | Identified a +0 leather armour
  3576 | D:4      | Identified a +0 dagger
  3576 | D:4      | Identified a +0 robe
  3590 | D:4      | Reached XP level 6. HP: 58/61 MP: 5/5
  4073 | D:4      | Identified a +0 club
  4073 | D:4      | Identified a +0 leather armour
  4074 | D:4      | Identified a +4 whip
  4075 | D:4      | Identified a +0 halberd
  4104 | D:4      | HP: 14/61 [gnoll/+0 halberd (6)]
  4107 | D:4      | HP: 2/61 [gnoll/+0 halberd (12)]
  4111 | D:4      | Slain by a gnoll

Table legend:
 A = Turns spent in this place as a percentage of turns spent in the entire game.
 B = Non-inter-level travel turns spent in this place as a percentage of non-inter-level travel turns spent in the entire game.
 C = Inter-level travel turns spent in this place as a percentage of turns spent in this place.
 D = Turns resting spent in this place as a percentage of non-inter-level travel turns spent in this place.
 E = Turns spent auto-exploring this place as a percentage of non-inter-level travel turns spent in this place.
 F = Non-inter-level travel turns spent in this place divided by the number of levels of this place that you've seen.
                   A       B       C       D       E      F
               +-------+-------+-------+-------+-------+----------------------
         Total | 100.0 | 100.0 |   2.8 |   0.7 |  84.8 | 998.8
       Dungeon | 100.0 | 100.0 |   2.8 |   0.7 |  84.8 | 998.8
               +-------+-------+-------+-------+-------+----------------------

Table legend:
 A = Kills in this place as a percentage of kills in entire the game.
 B = Kills by you in this place as a percentage of kills by you in the entire game.
 C = Kills by friends in this place as a percentage of kills by friends in the entire game.
 D = Other kills in this place as a percentage of other kills in the entire game.
 E = Experience gained in this place as a percentage of experience gained in the entire game.
 F = Experience gained in this place divided by the number of levels of this place that you have seen.
                   A       B       C       D       E      F
               +-------+-------+-------+-------+-------+----------------------
         Total | 100.0 | 100.0 |   N/A |   N/A | 100.0 | 133.5
       Dungeon | 100.0 | 100.0 |   N/A |   N/A | 100.0 | 133.5
               +-------+-------+-------+-------+-------+----------------------

Skill      XL: |  1  2  3  4  5 |
---------------+----------------+-----
Fighting       | 2 3 |  3.5
Unarmed Combat | 1 2 3 |  3.4
Dodging        | 2 |  2.7
Throwing       | 4 |  4.3
Stealth        | |  0.3

Action                   |  1- 3 |  4- 6 || total
-------------------------+-------+-------++-------
Melee: Unarmed           |    73 |   105 ||   178
       Punch             |       |     2 ||     2
Throw: Stone             |    80 |    59 ||   139
       Large rock        |     3 |    15 ||    18
       Boomerang         |    16 |       ||    16
  Eat: Chunk             |    19 |    22 ||    41
Armor: Robe              |    17 |    31 ||    48
Dodge: Dodged            |    37 |    47 ||    84

Vanquished Creatures
  A hound (D:4)
  A gnoll shaman (D:4)
  An iguana (D:4)
  An orc wizard (D:4)
  A worker ant (D:4)
  Natasha (thrice) (D:3)
  Robin (D:3)
  4 gnolls (D:3)
  An adder (D:2)
  An ooze (D:2)
  An adder skeleton (D:4)
  A worm (D:4)
  3 dart slugs
  A leopard gecko (D:2)
  4 orcs (D:4)
  2 giant cockroaches (D:1)
  17 goblins
  12 hobgoblins
  11 jackals
  3 quokkas
  2 ball pythons
  4 bats
  3 frilled lizards
  6 kobolds
  7 rats
92 creatures vanquished.
